 Dungeon Crawl Stone Soup version 0.29.0-15-g675c0067aa (webtiles) character file.

Game seed: 11566205373536331753

886 qw the Chopper (level 8, -4/49 HPs)
             Began as a Gargoyle Delver on Sept 11, 2022.
             Slain by Pikel
             ... wielding a +1 whip of freezing
              (8 damage)
             ... on level 5 of the Dungeon.
             The game lasted 00:01:53 (5107 turns).

qw the Chopper (Gargoyle Delver)                    Turns: 5107, Time: 00:01:54

Health: -4/49      AC: 18    Str: 18    XL:     8   Next: 5%
Magic:  8/8        EV:  5    Int: 11    God:
Gold:   241        SH:  0    Dex: 11    Spells: 7/7 levels left

rFire   . . .      SeeInvis .   Y - +3 hand axe (elec)
rCold   . . .      Faith    .   (no shield)
rNeg    + . .      Spirit   .   k - +1 plate armour
rPois   inf        Reflect  .   (no helmet)
rElec   +          Harm     .   (no cloak)
rCorr   .          Rampage  .   (no gloves)
Will    .....                   (no boots)
Stlth   ..........              (no amulet)
HPRegen 0.16/turn               (no ring)
MPRegen 0.11/turn               (no ring)

@: about to teleport
A: sickness immunity, AC +5, negative energy resistance 1, electricity
resistance, torment resistance 1, petrification resistance
a: no special abilities


You were on level 5 of the Dungeon.
You visited 1 branch of the dungeon, and saw 5 of its levels.

You collected 241 gold pieces.


Innate Abilities, Weirdness & Mutations

You are immune to sickness and miasma.
Your stone body is resilient. (AC +5)
You are immune to poison.
You resist negative energy. (rN+)
You are resistant to electric shocks. (rElec)
You are resistant to unholy torment.
You are immune to petrification.


   Skills:
 - Level 5.1 Fighting
 - Level 7.0 Axes
 + Level 3.3 Armour
 - Level 1.5 Dodging
 - Level 5.4 Stealth


You had 7 spell levels left.
You didn't know any spells.
Your spell library was empty.

Inventory:

Hand Weapons
 a - a +0 whip
 Y - a +3 hand axe of electrocution (weapon)
Armour
 k - a +1 plate armour (worn)
Wands
 g - a wand of digging (3)
Scrolls
 i - a scroll of identify
Potions
 c - a potion of mutation
 f - 4 potions of haste
 h - a potion of resistance
 j - 3 potions of might

Dungeon Overview and Level Annotations

Branches:
Dungeon (5/15)
 Temple: D:4-7

Altars:
Qazlal
Trog
Xom

Annotations:
D:5 Pikel


Message History

The lemure is moderately wounded.
You barely miss Pikel. You miss the water moccasin.
The water moccasin bites you but does no damage.
You hit the lemure.
The lemure is heavily wounded.
You hit the water moccasin. You hit Pikel.
The water moccasin bites you but does no damage.
Pikel hits you but does no damage. The lemure hits you but does no damage.
The water moccasin bites you!
You hit the lemure.
The lemure is severely wounded.
You miss the water moccasin. You hit Pikel but do no damage.
Pikel hits you with a +1 whip of freezing.
Pikel freezes you. The lemure hits you. The water moccasin barely misses you.
You closely miss the lemure.
The lemure is severely wounded.
You hit Pikel. Lightning courses through Pikel! You hit the water moccasin.
Pikel hits you but does no damage. The lemure barely misses you.
The water moccasin bites you but does no damage.
You barely miss the lemure.
The lemure is severely wounded.
You hit the water moccasin. You closely miss Pikel.
The water moccasin bites you but does no damage.
Pikel hits you but does no damage. The lemure hits you but does no damage.
You hit the lemure but do no damage.
The lemure is severely wounded.
You barely miss Pikel. You hit the water moccasin.
The water moccasin bites you. Pikel hits you but does no damage.
The lemure hits you. The water moccasin bites you.
You barely miss the lemure.
The lemure is severely wounded.
You hit Pikel but do no damage. You barely miss the water moccasin.
Pikel hits you but does no damage. The lemure hits you but does no damage.
The water moccasin bites you.
5107 ||| READING scroll of teleportation.
As you read the scroll of teleportation, it crumbles to dust.
You feel strangely unstable. The water moccasin bites you.
Pikel hits you with a +1 whip of freezing!
You die...

#.#....#.#....
.######
#.#..#.#.#....
#......
#.#......#....
#.....
###.##.#.####'#.
#....
#.............#.
#..5
#.#.##.#.######.
#55##.#<...#.#
#. #K5..#.##.#.#
#. #@###....#.#
#. #S# ####.#.#
#. ..#
#.#.######. .###
#.#......#. ##
#.#......#.
..#......#. ###
#.#.?....#. ..#
#.#.##..... #.#
#.#.##.###.


You could see Pikel, a water moccasin and 4 lemures.

Vanquished Creatures
  Sigmund (D:4)
  Eustachio (D:4)
  A water moccasin (D:5)
  3 black bears
  An iguana (D:5)
  10 adders
  An ufetubus (D:2)
  3 worms
  3 dart slugs
  2 orcs (D:4)
  6 ball pythons
  2 bats (D:1)
  10 endoplasms
  3 giant cockroaches (D:1)
  5 goblins
  15 hobgoblins
  A quokka (D:3)
  4 frilled lizards
  7 kobolds
  8 rats
87 creatures vanquished.

Notes
Turn   | Place    | Note
-------+----------+-------------------------------------------
     0 | D:5      | qw the Gargoyle Delver began the quest for the Orb.
     0 | D:5      | Reached XP level 1. HP: 14/14 MP: 1/1
     0 | D:5      | 0 ||| qw: Version: 0.1-a-117-gfe26ee0
     0 | D:5      | 0 ||| qw: Game counter: 10069
     0 | D:5      | 0 ||| qw: Always use a shield: true
     0 | D:5      | 0 ||| qw: God list: Okawaru
     0 | D:5      | 0 ||| qw: Allow faded altars: false
     0 | D:5      | 0 ||| qw: Do Orc after D:15 true
     0 | D:5      | 0 ||| qw: Do second Lair branch before Depths: true
     0 | D:5      | 0 ||| qw: Lair rune preference: random
     0 | D:5      | 0 ||| qw: Plans: Normal
     0 | D:5      | 0 ||| PLANNING D:1-11
    22 | D:5      | 22 ||| SWAPPING to +2 hand axe of electrocution.
    23 | D:5      | 23 ||| DROPPING +0 hand axe.
    26 | D:5      | Noticed an iguana
    43 | D:5      | Killed an iguana
    44 | D:5      | Reached skill level 3 in Axes
    44 | D:5      | Reached XP level 2. HP: 19/19 MP: 2/2
    44 | D:5      | Reached XP level 3. HP: 23/23 MP: 3/3
    44 | D:5      | Noticed a water moccasin
    58 | D:5      | Killed a water moccasin
    59 | D:5      | Reached skill level 4 in Axes
    59 | D:5      | Reached XP level 4. HP: 8/28 MP: 4/4
    59 | D:5      | Reached XP level 5. HP: 9/32 MP: 5/5
   310 | D:5      | 310 ||| READING scroll labelled VIVEN UHECEPN.
   311 | D:5      | 311 ||| READING scroll labelled OWIEQA VELI.
   312 | D:5      | 312 ||| DROPPING scroll of fog.
   313 | D:5      | 313 ||| DROPPING scroll of magic mapping.
   314 | D:5      | 314 ||| DROPPING scroll of fear.
   332 | D:4      | 332 ||| Stepping ~*~*~tactically~*~*~ (stealth).
   334 | D:4      | 334 ||| Stepping ~*~*~tactically~*~*~ (stealth).
   336 | D:4      | 336 ||| Stepping ~*~*~tactically~*~*~ (stealth).
   491 | D:3      | 491 ||| FLEEEEING.
   492 | D:3      | 492 ||| STAIRDANCE
   508 | D:2      | HP: 8/32 [constriction (1)]
   523 | D:2      | Reached skill level 5 in Axes
  1017 | D:2      | Found a stormy altar of Qazlal.
  1098 | D:2      | 1098 ||| Stepping ~*~*~tactically~*~*~ (stealth).
  1101 | D:2      | 1101 ||| Stepping ~*~*~tactically~*~*~ (stealth).
  1111 | D:2      | 1111 ||| Stepping ~*~*~tactically~*~*~ (stealth).
  1114 | D:2      | 1114 ||| Stepping ~*~*~tactically~*~*~ (stealth).
  1115 | D:2      | 1115 ||| READING scroll labelled XURASUGR PUALO.
  1116 | D:2      | 1116 ||| Stepping ~*~*~tactically~*~*~ (stealth).
  1118 | D:2      | 1118 ||| READING scroll labelled IVADOUHON.
  1165 | D:1      | 1165 ||| Stepping ~*~*~tactically~*~*~ (stealth).
  1188 | D:1      | 1188 ||| Stepping ~*~*~tactically~*~*~ (stealth).
  1194 | D:1      | 1194 ||| Stepping ~*~*~tactically~*~*~ (stealth).
  1261 | D:1      | Found a faded altar of an unknown god.
  1281 | D:1      | 1281 ||| Stepping ~*~*~tactically~*~*~ (stealth).
  1282 | D:1      | 1282 ||| Stepping ~*~*~tactically~*~*~ (stealth).
  1303 | D:1      | 1303 ||| Stepping ~*~*~tactically~*~*~ (stealth).
  1306 | D:1      | 1306 ||| Stepping ~*~*~tactically~*~*~ (stealth).
  1310 | D:1      | 1310 ||| Stepping ~*~*~tactically~*~*~ (stealth).
  1311 | D:1      | 1311 ||| Stepping ~*~*~tactically~*~*~ (stealth).
  1316 | D:1      | 1316 ||| Stepping ~*~*~tactically~*~*~ (stealth).
  1343 | D:1      | 1343 ||| Stepping ~*~*~tactically~*~*~ (stealth).
  1354 | D:1      | 1354 ||| Stepping ~*~*~tactically~*~*~ (stealth).
  1356 | D:1      | 1356 ||| Stepping ~*~*~tactically~*~*~ (stealth).
  1360 | D:1      | 1360 ||| Stepping ~*~*~tactically~*~*~ (stealth).
  1670 | D:1      | 1670 ||| Stepping ~*~*~tactically~*~*~ (stealth).
  1715 | D:1      | 1715 ||| Stepping ~*~*~tactically~*~*~ (hiding).
  1817 | D:1      | 1817 ||| Stepping ~*~*~tactically~*~*~ (hiding).
  1919 | D:1      | 1919 ||| Stepping ~*~*~tactically~*~*~ (hiding).
  2021 | D:1      | 2021 ||| Stepping ~*~*~tactically~*~*~ (hiding).
  2123 | D:1      | 2123 ||| Stepping ~*~*~tactically~*~*~ (hiding).
  2225 | D:1      | 2225 ||| Stepping ~*~*~tactically~*~*~ (hiding).
  2327 | D:1      | 2327 ||| Stepping ~*~*~tactically~*~*~ (hiding).
  2429 | D:1      | 2429 ||| Stepping ~*~*~tactically~*~*~ (hiding).
  2531 | D:1      | 2531 ||| Stepping ~*~*~tactically~*~*~ (hiding).
  2654 | D:1      | 2654 ||| Stepping ~*~*~tactically~*~*~ (stealth).
  2891 | D:1      | 2891 ||| UPGRADING to +0 plate armour.
  2901 | D:1      | 2901 ||| DROPPING +0 leather armour.
  2902 | D:1      | 2902 ||| READING scroll of enchant armour.
  2902 | D:1      | 2902 ||| ENCHANTING +0 plate armour.
  2903 | D:1      | 2903 ||| READING 4 scrolls labelled LUETIT PYRUBATWAM.
  2904 | D:1      | 2904 ||| READING scroll labelled NAKAJITZAO.
  2905 | D:1      | 2905 ||| DRINKING 2 puce potions.
  2906 | D:1      | 2906 ||| READING 3 scrolls of identify.
  2906 | D:1      | 2906 ||| IDENTIFYING dark potion
  2907 | D:1      | 2907 ||| READING 2 scrolls of identify.
  2907 | D:1      | 2907 ||| IDENTIFYING metallic purple potion
  2908 | D:1      | 2908 ||| DROPPING potion of magic.
  3045 | D:2      | 3045 ||| DROPPING +6 ring of intelligence.
  3046 | D:2      | 3046 ||| DRINKING 2 golden potions.
  3105 | D:3      | Reached skill level 1 in Armour
  3105 | D:3      | Reached XP level 6. HP: 35/38 MP: 6/6
  3236 | D:3      | 3236 ||| Stepping ~*~*~tactically~*~*~ (stealth).
  3327 | D:3      | Noticed a black bear
  3341 | D:3      | HP: 9/38 [black bear (11)]
  3342 | D:3      | 3342 ||| DRINKING potion of heal wounds.
  3344 | D:3      | Killed a black bear
  3345 | D:3      | Reached skill level 3 in Armour
  3359 | D:3      | 3359 ||| FLEEEEING.
  3360 | D:3      | 3360 ||| FLEEEEING.
  3361 | D:3      | 3361 ||| FLEEEEING.
  3362 | D:3      | 3362 ||| FLEEEEING.
  3365 | D:3      | 3365 ||| FLEEEEING.
  3366 | D:3      | 3366 ||| FLEEEEING.
  3367 | D:3      | 3367 ||| FLEEEEING.
  3368 | D:3      | 3368 ||| FLEEEEING.
  3369 | D:3      | 3369 ||| FLEEEEING.
  3370 | D:3      | 3370 ||| FLEEEEING.
  3467 | D:3      | Found a shimmering altar of Xom.
  3716 | D:3      | 3716 ||| Stepping ~*~*~tactically~*~*~ (hiding).
  3862 | D:3      | 3862 ||| DRINKING 2 metallic cyan potions.
  3863 | D:3      | 3863 ||| READING 2 scrolls of identify.
  3863 | D:3      | 3863 ||| IDENTIFYING red potion
  3991 | D:4      | 3991 ||| DRINKING 2 fuming black potions.
  4056 | D:4      | Noticed a black bear
  4057 | D:4      | Noticed a black bear
  4058 | D:4      | 4058 ||| Stepping ~*~*~tactically~*~*~ (stealth).
  4067 | D:4      | Killed a black bear
  4068 | D:4      | Reached XP level 7. HP: 29/43 MP: 7/7
  4107 | D:4      | 4107 ||| FLEEEEING.
  4108 | D:4      | 4108 ||| FLEEEEING.
  4109 | D:4      | 4109 ||| FLEEEEING.
  4110 | D:4      | 4110 ||| FLEEEEING.
  4120 | D:4      | 4120 ||| STAIRDANCE
  4168 | D:3      | 4168 ||| DROPPING potion of lignification.
  4203 | D:4      | Found a bloodstained altar of Trog.
  4232 | D:4      | Reached skill level 6 in Axes
  4260 | D:4      | 4260 ||| Stepping ~*~*~tactically~*~*~ (stealth).
  4481 | D:4      | Noticed Sigmund
  4483 | D:4      | 4483 ||| DRINKING potion of curing.
  4483 | D:4      | 4483 ||| (to cure confusion)
  4495 | D:4      | Killed Sigmund
  4496 | D:4      | Reached skill level 7 in Axes
  4591 | D:4      | Noticed Eustachio
  4592 | D:4      | 4592 ||| Stepping ~*~*~tactically~*~*~ (hiding).
  4608 | D:4      | 4608 ||| Stepping ~*~*~tactically~*~*~ (hiding).
  4618 | D:4      | Killed Eustachio
  4619 | D:4      | Reached XP level 8. HP: 17/49 MP: 8/8
  5006 | D:4      | 5006 ||| READING 2 scrolls of identify.
  5006 | D:4      | 5006 ||| IDENTIFYING white potion
  5007 | D:4      | 5007 ||| DROPPING potion of attraction.
  5095 | D:5      | Noticed Pikel
  5106 | D:5      | HP: 10/49 [water moccasin (4)]
  5107 | D:5      | 5107 ||| READING scroll of teleportation.
  5107 | D:5      | HP: 4/49 [water moccasin (6)]
  5107 | D:5      | Slain by Pikel

Levels and vault maps discovered:
D:1:      wander_arrival_desolate, layout_loops_cross,
          ebering_ecumenical_altar_box, minmay_quantized
D:2:      layout_rooms, basic_altar
D:3:      layout_basic, xom_confusion_cloud, dk_noncrumbling_3
D:4:      layout_basic, trog_ov_bears_minmay, minmay_surrounded, uniq_sigmund,
          uniq_eustachio
D:5:      layout_basic, serial_shops, shop, nicolae_figureground_sparkle,
          uniq_pikel

Skill      XL: |  1  2  3  4  5  6  7 |
---------------+----------------------+-----
Axes           | 3 4 5 7 |  7.0
Fighting       | 4 5 |  5.1
Armour         | 1 3 |  3.3
Dodging        | |  1.5
Stealth        | |  5.4

Action                   |  1- 3 |  4- 6 |  7- 9 || total
-------------------------+-------+-------+-------++-------
Melee: Hand axe          |    12 |   169 |    62 ||   243
       Punch             |       |     3 |       ||     3
  Use: Scroll            |       |    10 |     2 ||    12
       Potion            |       |     5 |     1 ||     6
 Stab: Sleeping          |     1 |     2 |       ||     3
       Distracted        |       |     1 |       ||     1
Armor: Leather armour    |     5 |    33 |       ||    38
       Plate armour      |       |    47 |    58 ||   105
Dodge: Dodged            |     5 |    73 |    12 ||    90

Table legend:
 A = Non-vault XP
 B = Vault XP
 C = Vault XP percentage of total XP
 D = Non-vault monster count
 E = Vault monster count
 F = Vault count percentage of total count
                 A         B        C        D         E       F
            +---------+---------+-------+---------+---------+-------
      Total |     369 |     897 |  70.9 |      62 |      25 |  28.7
            +---------+---------+-------+---------+---------+-------
        D:1 |      37 |       9 |  19.6 |      23 |       5 |  17.9
        D:2 |      75 |       0 |   0.0 |      17 |       0 |   0.0
        D:3 |      39 |     188 |  82.8 |       9 |      13 |  59.1
        D:4 |      35 |     700 |  95.2 |      11 |       7 |  38.9
        D:5 |     183 |       0 |   0.0 |       2 |       0 |   0.0
            +---------+---------+-------+---------+---------+-------
